 Dungeon Crawl Stone Soup version 0.29.1-2-gbd0b4ee654 (webtiles) character file.

Game seed: 14077457871147167386

23 qeuew the Trooper (level 2, 24/24 HPs)
             Began as a Merfolk Fighter on Nov 9, 2022.
             Quit the game on level 1 of the Dungeon.
             The game lasted 00:01:00 (1047 turns).

qeuew the Trooper (Merfolk Fighter)                 Turns: 1047, Time: 00:01:01

Health: 24/24      AC:  6    Str: 16    XL:     2   Next: 95%
Magic:  2/2        EV:  9    Int:  7    God:
Gold:   43         SH:  4    Dex: 13    Spells: 1/1 levels left

rFire   . . .      SeeInvis .   a - +0 trident
rCold   . . .      Faith    .   c - +0 buckler
rNeg    . . .      Spirit   .   b - +0 scale mail
rPois   .          Reflect  .   (no helmet)
rElec   .          Harm     .   (no cloak)
rCorr   .          Rampage  .   (no gloves)
Will    .....                   (no boots)
Stlth   ..........              (no amulet)
HPRegen 0.08/turn               (no ring)
MPRegen 0.08/turn               (no ring)

@: no status effects
A: (nimble swimmer 2), mertail
a: no special abilities


You were on level 1 of the Dungeon.
You visited 1 branch of the dungeon, and saw 1 of its levels.

You collected 43 gold pieces.

Inventory:

Hand Weapons
 a - a +0 trident (weapon)
Armour
 b - a +0 scale mail (worn)
 c - a +0 buckler (worn)
Scrolls
 h - a scroll of poison {unknown}
 i - 4 scrolls of teleportation {unknown}
 j - a scroll of torment {unknown}
Potions
 d - 2 potions of might
 e - 2 potions of brilliance {unknown}
 g - a potion of lignification {unknown}


   Skills:
 + Level 3.5 Fighting
 + Level 3.1 Polearms
 + Level 2.3 Armour
 + Level 1.2 Dodging
 + Level 3.2 Shields


You had one spell level left.
You didn't know any spells.
Your spell library contained the following spells:

 Spells                   Type           Power      Damage    Failure   Level
 Chain Lightning          Conj/Air       0%         N/A       100%        9
 Fire Storm               Conj/Fire      0%         5d1       100%        9
 Shatter                  Erth           0%         3d5*      100%        9


Dungeon Overview and Level Annotations

Branches:
Dungeon (1/15)

Altars:


Innate Abilities, Weirdness & Mutations

((You are very nimble when in or above water. (Stealth+, EV+, Speed+++)))
Your lower body shifts to a powerful aquatic tail in water.


Message History

The kobold barely misses you.
The kobold hits you with a +0 short sword.
* * * LOW HITPOINT WARNING * * *
You hit the kobold.
You kill the kobold!
Things that are here:
a +0 short sword; a kobold corpse A goblin comes into view.
It is wielding a +0 dagger.
The goblin moves out of view.
Found a book of Annihilations.
A goblin is nearby!
You reach to attack!
You hit the goblin.
The goblin is moderately wounded.
You hit the goblin.
The goblin is heavily wounded.
The goblin closely misses you.
You puncture the goblin!
You kill the goblin!
No target in view!
No target in view!
Things that are here:
a +0 dagger; a goblin corpse You pick up a book of Annihilations and begin reading...
You add the spells Chain Lightning, Fire Storm and Shatter to your library.
You open the door.
Found an escape hatch in the floor.
You see here a +0 sling.
You open the door.
You see here a +0 sling.
You open the door.
There is an open door here.
i - 4 scrolls labelled ASUFAY BOUR (gained 2)
There is an open door here.
Done exploring.
Done exploring.
As you read the scroll labelled REONNONT GUXAMMAU, it crumbles to dust.
It is a scroll of identify.
Really abort (and waste the scroll)?
Okay, then.
Are you sure you want to abandon this character and quit the game? (Confirm with "yes".)

......##.##.# ###.......#.#
#.#.##..#.# ###.#.##..#.#
......##..#.#########
########............# #
##....######.#
########.......####.####
##.............#@......#
##.#####.......#.#####.#
##.# ##....###.# #.#
##.######§#####..# #.#
##.##...§§....##.# #.##
##.##..##≈##..##.#####..#
##.##....§....##........#
##.##....≈....########..###
##.##.###_###.# #....#


There were no monsters in sight!

Vanquished Creatures
  2 dart slugs (D:1)
  A ball python (D:1)
  3 bats (D:1)
  An endoplasm (D:1)
  A goblin (D:1)
  2 hobgoblins (D:1)
  3 kobolds (D:1)
  3 frilled lizards (D:1)
  2 rats (D:1)
18 creatures vanquished.

Notes
Turn   | Place    | Note
-------+----------+-------------------------------------------
     0 | D:1      | qeuew the Merfolk Fighter began the quest for the Orb.
     0 | D:1      | Reached XP level 1. HP: 18/18 MP: 1/1
   193 | D:1      | Reached XP level 2. HP: 24/24 MP: 2/2
   215 | D:1      | Reached skill level 1 in Dodging
   296 | D:1      | Found a faded altar of an unknown god.
  1047 | D:1      | Quit the game

Illustrated notes

Levels and vault maps discovered:
D:1:      minmay_arrival_four_houses, layout_loops_ring,
          shapermc_ecumenical_altar_notcrosses

Skill      XL: |  1  2 |
---------------+-------+-----
Polearms       | 3 |  3.1
Dodging        | 1 |  1.2
Fighting       | |  3.5
Armour         | |  2.3
Shields        | |  3.2

Action                   || total
-------------------------++-------
Melee: Trident           ||    76
  Use: Scroll            ||     1
Armor: Scale mail        ||    24
Dodge: Dodged            ||    29
Block: Buckler           ||    14
